[Event "Croatian Team Cup Final 2022"]
[Site "Vodice"]
[Date "2022.05.18"]
[Round "1.19"]
[White "Miletic, Josip"]
[Black "Kovacevic, Blazimir"]
[Result "0-1"]
[ECO "A25"]
[WhiteElo "2158"]
[BlackElo "2401"]
[Annotator "TA"]
[PlyCount "142"]
[EventDate "2022.05.18"]
[EventType "team-tourn"]
[EventCountry "CRO"]
[SourceTitle "playchess.com"]
[Source "ChessBase"]
[SourceQuality "1"]
[TimeControl "40/5400+30:1800+30"]

1. g3 e5 2. Bg2 Nc6 3. c4 Bc5 4. Nc3 a6 5. d3 d6 6. Nf3 {[%emt 0:02:36] A25: English Opening vs King's Indian with ...Nc6 but without early d3.} Nge7 7. O-O O-O 8. a3 {[%emt 0:01:24] The position is equal.} Ba7 9. Be3 {[%emt 0:02:57] [#]} Bxe3 $146 ({Predecessor:} 9... Bg4 10. Bxa7 Rxa7 11. h3 Bh5 12. g4 Bg6 13. e4 h5 14. Nh4 hxg4 15. hxg4 Nd4 {½-½ (28) Sinanovic,M (2353)-Stojanovic,D (2481) Jahorina 2018}) 10. fxe3 f6 11. b4 Be6 12. Ne4 Qd7 13. Nf2 Nd8 14. Qd2 c6 15. e4 b5 16. Rfc1 (16. c5 $11 {is superior.}) 16... Nf7 17. e3 Rfd8 18. Bf1 Qa7 19. a4 bxc4 20. dxc4 a5 21. b5 Nc8 22. Bh3 Bxh3 23. Nxh3 Nb6 24. Nf2 ({Don't play} 24. bxc6 Rac8 25. Qd3 Rxc6 $17) 24... Rac8 25. Qa2 Nd7 26. Qa3 Nc5 27. Kg2 Qa8 28. Nd2 Ng5 29. h4 {[%emt 0:00:46] [#]} Ngxe4 30. Nfxe4 (30. Ndxe4 Nxe4) 30... cxb5 31. cxb5 Nxe4 32. Qb3+ (32. Qa2+ $11 Kh8 33. Kh2) 32... Kh8 $17 33. Nxe4 Qxe4+ 34. Kf2 (34. Kh2 $15) 34... Qf5+ (34... d5 $17 {And now ...g5 would win.} 35. Qd1 Rb8) 35. Kg2 $15 g5 (35... h6 $15 36. Qb1 Qg4) 36. hxg5 $11 fxg5 37. b6 Qe4+ $40 {[%emt 0:02:40][%mdl 128] Black has some attack.} 38. Kh2 {[%emt 0:02:20] [#] Qf7 is the strong threat.} Rf8 {[%emt 0:01:27] Prevents Qf7.} 39. Rxc8 $4 {[%emt 0:00:45][%mdl 8192] Loses the game.} (39. Qb2 $11) 39... Rxc8 {[%emt 0:00:05][%mdl 4096] Endgame KQR-KQR} 40. Ra2 Rc1 41. Rg2 Qb1 $2 (41... Qg6 {mates} 42. Rg1 Rc2+ 43. Qxc2 Qxc2+ 44. Rg2 Qb3 45. b7 Qxb7 46. Rd2 Qb4 47. Rd1 Qc5 48. Re1 Qc2+ 49. Kg1 Qxa4 50. Kf1 Qc4+ 51. Kf2 Qb3 52. Kf3 a4 53. Rg1 a3 54. Rf1 a2 55. Kg2 Qb2+ 56. Kh3 a1=Q 57. Rxa1 Qxa1 58. Kh2 g4 59. Kg2 Qa2+ 60. Kh1 h5 61. e4 h4 62. gxh4 g3 63. Kg1 Qh2+ 64. Kf1 Qf2#) 42. Qxb1 $19 Rxb1 {[%emt 0:00:04] KR-KR} 43. Rc2 Rxb6 44. Rc8+ (44. Rd2 {was called for.}) 44... Kg7 45. Ra8 Kf6 46. Rxa5 Rb3 (46... Kf5 $142 47. Rb5 Rxb5 48. axb5 Ke6) 47. Ra8 $2 (47. Rd5) 47... Rxe3 48. a5 Ra3 49. g4 Ke6 50. a6 Kd5 {[%emt 0:00:04] Hoping for ...Ke4.} 51. a7 Ke4 {[%emt 0:00:06] ( -> ...d5)} 52. Kg2 d5 {[%emt 0:00:08] Black mates.} 53. Kf2 d4 54. Ke2 Ra2+ 55. Kf1 h6 56. Kg1 d3 57. Kf1 Ke3 58. Re8 Ra1+ 59. Kg2 Rxa7 60. Rxe5+ Kd4 61. Re8 d2 62. Rd8+ Ke3 63. Re8+ Kf4 64. Rd8 Ra2 65. Kh3 Ra3+ 66. Kh2 Ke3 67. Re8+ Kf2 68. Rd8 Ke2 69. Re8+ Re3 70. Rf8 d1=Q 71. Rf2+ Kd3 {[%emt 0:00:06] Weighted Error Value: White=0.82/Black=0.27 (precise)} 0-1

[Event "Croatian Team Cup Final 2022"]
[Site "Vodice"]
[Date "2022.05.18"]
[Round "1.20"]
[White "Loncar, Robert"]
[Black "Leakovic, Ivica"]
[Result "0-1"]
[ECO "D37"]
[WhiteElo "2370"]
[BlackElo "2103"]
[Annotator "TA"]
[PlyCount "116"]
[EventDate "2022.05.18"]
[EventType "team-tourn"]
[EventCountry "CRO"]
[SourceTitle "playchess.com"]
[Source "ChessBase"]
[SourceQuality "1"]
[TimeControl "40/5400+30:1800+30"]

1. d4 d5 2. c4 e6 3. Nf3 Nf6 4. Nc3 Be7 5. Bf4 c6 6. e3 Bb4 {[%emt 0:00:30] [#] D37: Queen's Gambit Declined: 5 Bf4.} 7. a3 $146 ({Predecessor:} 7. Qb3 Qa5 8. a3 Bxc3+ 9. bxc3 Ne4 10. Qb4 Qd8 11. Be2 Na6 12. Qb2 Qa5 13. Rc1 O-O 14. O-O {1-0 (46) Bryzgalin,K (2449)-Safin,R (2287) Chess.com INT 2020}) 7... Bxc3+ 8. bxc3 dxc4 {[%emt 0:00:30] White is slightly better.} 9. Bxc4 Nd5 10. Be5 Nd7 (10... f6 $16) 11. Bxg7 $18 Rg8 12. Be5 (12. Bxd5 $6 exd5 13. Be5 Nxe5 14. Nxe5 Qe7 $16) 12... Nxe5 13. Nxe5 Rxg2 (13... Rg7 $142 14. Qf3 Nxc3) 14. Qf3 Rg7 15. Kd2 Qe7 16. Rhg1 f6 $2 (16... Qf8 {is more resistant.} 17. Bxd5 exd5) 17. Qh5+ Kd8 18. Qh6 Rxg1 19. Rxg1 {[%emt 0:00:30] aiming for Rg8+.} Qxa3 20. Bxd5 Qb2+ 21. Kd3 exd5 {[%emt 0:00:30] [#]} 22. Qxf6+ $2 (22. Qxh7 $1 Bf5+ 23. Qxf5 Qb5+ 24. Kc2 Qa4+ 25. Kd2 Qa2+ 26. Kd1) 22... Kc7 {[%emt 0:00:30] [#]} 23. Qe7+ $1 Kb6 24. Qb4+ $2 ({Weaker is} 24. Qxh7 Be6 25. Nd7+ Bxd7 26. Qxd7 a5 $15) (24. Qc5+ $18 Ka6 25. e4 Qb5+ 26. Qxb5+ Kxb5 27. c4+ Ka6 28. f4 (28. exd5 cxd5 29. cxd5 b5 $16)) 24... Qxb4 $11 {[%emt 0:00:30] Really sharp!} 25. cxb4 {[%emt 0:00:30][%mdl 4096] Endgame KRB-KRN} a5 26. bxa5+ Rxa5 27. Rb1+ Kc7 28. Rg1 Ra2 29. Rg7+ Kb6 30. Rf7 Be6 31. Rf6 Bh3 32. Kc3 Ra1 33. Nd3 Kb5 34. Nf4 Bf1 35. Rf7 b6 36. Rxh7 Ra2 37. Ne6 Rxf2 38. Nc7+ Ka5 $1 {[%emt 0:00:30] ...b5 is the strong threat.} 39. Na8 {[%emt 0:00:30] White wants to mate with Ra7+.} Ka6 {[%emt 6:24:02] Prevents Ra7+.} 40. h4 Re2 41. Nc7+ Ka5 42. Re7 Rh2 {[%emt 0:00:00] And now ...b5 would win.} 43. Rf7 Bc4 44. Na8 {[%emt 0:00:30] Threatening mate with Ra7+.} Ka6 {[%emt 0:00:00] Inhibits Ra7+.} (44... Rxh4 $2 {gets mated.} 45. Ra7+ Ba6 46. Nc7 Rh8 47. Rxa6#) 45. h5 Kb5 46. Rb7 {[%emt 0:00:30] Nc7+ would kill now.} Ka6 $1 47. Rh7 Re2 48. Re7 Rh2 49. h6 Rxh6 50. Kb4 $1 {[%emt 0:06:25] Strongly threatening Nc7+.} b5 51. Kc5 Rg6 52. Nc7+ (52. Nb6 $5 Rg8 53. Rc7 $16) 52... Ka5 53. Nxd5 $2 cxd5 {[%emt 0:00:00][%cal Bc6d5,Bd5e4][%mdl 32] KRB-KR} 54. e4 dxe4 {[%emt 0:00:00] Threatens to win with ...Rg5+.} 55. d5 Ka4 56. d6 Rg5+ 57. Kc6 {[%emt 0:00:32] [#]} b4 $1 58. Rxe4 Bd5+ {[%emt 0:00:00] Quite a comeback for Black.  Weighted Error Value: White=0.74/Black=0.19 (very precise)} 0-1

[Event "Croatian Team Cup Final 2022"]
[Site "Vodice"]
[Date "2022.05.18"]
[Round "1.21"]
[White "Jovanovic, Zoran"]
[Black "Kalajzic, Ivan"]
[Result "1-0"]
[ECO "B06"]
[WhiteElo "2523"]
[BlackElo "2105"]
[Annotator "TA"]
[PlyCount "49"]
[EventDate "2022.05.18"]
[EventType "team-tourn"]
[EventCountry "CRO"]
[SourceTitle "playchess.com"]
[Source "ChessBase"]
[SourceQuality "1"]
[TimeControl "40/5400+30:1800+30"]

1. e4 Nc6 2. Nf3 d6 3. d4 g6 4. Nc3 Bg7 5. h3 a6 6. Bg5 {[%emt 0:07:57] [#] B06: Modern Defence.} f6 $146 ({Predecessor:} 6... h6 7. Bh4 g5 8. Bg3 g4 9. hxg4 Bxg4 10. d5 Nd4 11. Qd3 Nxf3+ 12. gxf3 Bd7 13. f4 {1-0 (22) Akselrod,V (2392)-Karimov,A (2091) Novosibirsk 2016}) 7. Be3 {[%emt 0:02:57] White is more active.} Nh6 (7... e6 $142) 8. Qd2 $16 {[%emt 0:04:09] White is clearly better.} Nf7 9. d5 Nb8 10. Nd4 c5 (10... Bd7 $142 11. f4 Qc8) 11. Ne6 $18 Bxe6 12. dxe6 Ne5 13. Nd5 b5 14. f4 Nc4 15. Bxc4 bxc4 16. f5 Nc6 17. O-O Rb8 18. b3 cxb3 19. axb3 a5 20. Qe2 O-O 21. Bd2 Nb4 22. Qg4 {[%emt 0:04:39] Black must now prevent Bxb4.} gxf5 $2 (22... g5 23. Bxb4 cxb4) 23. Rxf5 {[%emt 0:01:19] [#] And now Bh6 would win.} Kh8 24. Rh5 {[%emt 0:01:42] Threatening mate with Qg6.} Nxd5 25. Qg6 {[%emt 0:00:26] Black did not feel at home in the position after the opening.  Weighted Error Value: White=0.07 (flawless) /Black=0.53} 1-0

[Event "Croatian Team Cup Final 2022"]
[Site "Vodice"]
[Date "2022.05.19"]
[Round "2.1"]
[White "Saric, Ivan"]
[Black "Vojak, Daniel"]
[Result "1-0"]
[ECO "B90"]
[WhiteElo "2693"]
[BlackElo "2335"]
[Annotator "TA"]
[PlyCount "53"]
[EventDate "2022.05.18"]
[EventType "team-tourn"]
[EventCountry "CRO"]
[SourceTitle "playchess.com"]
[Source "ChessBase"]
[SourceQuality "1"]
[TimeControl "40/5400+30:1800+30"]

1. e4 c5 2. Nf3 d6 3. d4 cxd4 4. Nxd4 Nf6 5. Nc3 a6 6. Be3 e5 7. Nb3 Be6 8. h3 {[%emt 0:00:36] B90: Sicilian Najdorf: Unusual White 6th moves, 6 Be3 Ng4 and 6 Be3 e5.} h5 9. f4 Nc6 {[%emt 0:06:38] [#]} 10. Qe2 $146 {[%emt 0:03:12] White is slightly better.} (10. f5 $5 Bd7 11. Qf3 $14) ({Predecessor:} 10. f5 Bxb3 11. axb3 d5 12. exd5 Ne7 13. Qf3 Rc8 14. Rd1 Qa5 15. d6 Rxc3 16. bxc3 Qxc3+ {½-½ (52) Petrov,V (2355)-Bonn,T (2199) London 2019}) 10... Rc8 11. O-O-O Qc7 12. Kb1 Be7 13. g3 Na5 14. Qf2 {[%emt 0:11:43] Strongly threatening Bb6.} Nc4 {[%emt 0:08:02] Inhibits Bb6.} 15. Bxc4 Qxc4 (15... Bxc4 $142 16. Bb6 Qc6) 16. f5 $16 Bd7 17. Nd2 Qc6 {[%emt 0:04:23] [#]} 18. Bg5 (18. g4 $142 $1 ) 18... b5 19. Bxf6 Bxf6 20. Nf3 b4 21. Nd5 Bd8 {[%emt 0:00:16] Inhibits Nb6.} (21... a5 $14) 22. g4 {[%emt 0:00:54] White is much more active.} a5 {[%emt 0:05:10] [#]} (22... Qc5 $16 {is a better defense.} 23. Qg2 hxg4) 23. Rhg1 (23. gxh5 $1 $18 {Threatens to win with Qg2.} Rxh5 24. Qg2) 23... Qc4 24. b3 Qc5 (24... Qxe4 $2 25. Rge1 Rxc2 26. Qxc2 $18 (26. Rxe4 Rxf2 27. Nxe5 dxe5 $17)) 25. Qh2 Kf8 (25... Bc6 $1 $11) 26. g5 Bc6 27. f6 {[%emt 0:07:59] Weighted Error Value: White=0.30/Black=0.24 (precise)} 1-0

[Event "Croatian Team Cup Final 2022"]
[Site "Vodice"]
[Date "2022.05.19"]
[Round "2.2"]
[White "Cupic, Lovro"]
[Black "Markus, Robert"]
[Result "0-1"]
[ECO "C13"]
[WhiteElo "2271"]
[BlackElo "2613"]
[Annotator "TA"]
[PlyCount "75"]
[EventDate "2022.05.18"]
[EventType "team-tourn"]
[EventCountry "CRO"]
[SourceTitle "playchess.com"]
[Source "ChessBase"]
[SourceQuality "1"]
[TimeControl "40/5400+30:1800+30"]

1. e4 {[%emt 0:00:34] Finkel,A} e6 2. d4 d5 3. Nc3 Nf6 4. Bg5 dxe4 5. Nxe4 Be7 6. Nxf6+ Bxf6 7. Bxf6 Qxf6 8. c3 O-O 9. Nf3 Nd7 {[%emt 0:03:37] is the legacy move (9...b6). C13: French: Classical System: 4 Bg5 Be7, Alekhine-Chatard Attack.} 10. Be2 b6 11. Qa4 a6 {[%emt 0:08:47] [#] The position is equal.} 12. Bb5 $146 ({Predecessor:} 12. O-O Qe7 13. Nd2 Bb7 14. Bf3 Bxf3 15. Nxf3 c5 16. Rad1 b5 17. Qa5 Rfc8 18. Rfe1 cxd4 19. Rxd4 {0-1 (44) Stefansson,H (2604)-Short,N (2663) Reykjavik 2002 CBM 087 [Finkel,A]}) 12... Rd8 13. O-O {[%emt 0:03:17] [#]} (13. Bc6 $5 Rb8 14. O-O $14) 13... Bb7 $1 14. Be2 e5 15. Qc2 exd4 16. Nxd4 Ne5 17. Nf5 Qg5 $36 {[%emt 0:09:23][%csl Gb7][%cal Rg5g2][%mdl 2048] White is under pressure.} 18. Ne3 Ng6 19. Bg4 {[%emt 0:02:39] [#] Black converts the advantage convincingly.} (19. Rfd1 $15) 19... Bxg2 $1 $17 {[%emt 0:05:09][%mdl 512] Black is more active.} 20. Kxg2 {[%emt 0:01:37] Kh1 is the strong threat.} h5 {[%emt 0:00:07][%mdl 64] Pin} 21. Rg1 hxg4 22. Kh1 Qf4 {[%emt 0:05:54] And now ...Qf3+ would win.} 23. Rg3 {[%emt 0:09:28] Against Qf3+} Ne5 24. h3 gxh3 25. Rxh3 {[%emt 0:00:22] Threatens to win with Qh7+.} Nd3 26. Kg1 (26. Kg2 {might work better.}) 26... Rd6 $19 27. Ng2 Qf5 28. Rg3 Rad8 {[%emt 0:00:51] Strongly threatening ...Rh6.} 29. Rd1 Qh7 {[%emt 0:02:43][%cal Od6h6] White must now prevent ...Rh6!} 30. f4 c5 31. c4 Rd4 32. Rf1 Qh6 33. Rg4 f5 34. Rh4 Qe6 35. b3 (35. Rh3 $142) 35... Re4 {[%emt 0:00:46] Hoping for ...Re2.} 36. Rf3 (36. Rh3 $142 Re2 37. Rxd3 Rxc2 38. Rxd8+ Kh7 39. Rf2 Rc1+ 40. Rf1) 36... Ne1 37. Nxe1 Rxe1+ 38. Kf2 {[%emt 0:00:14] Weighted Error Value: White=0.73/Black=0.09 (flawless)} 0-1

[Event "Croatian Team Cup Final 2022"]
[Site "Vodice"]
[Date "2022.05.19"]
[Round "2.3"]
[White "Jovanic, Ognjen"]
[Black "Starcevic, Ante Leon"]
[Result "1-0"]
[ECO "E60"]
[WhiteElo "2509"]
[BlackElo "2227"]
[Annotator "TA"]
[PlyCount "91"]
[EventDate "2022.05.18"]
[EventType "team-tourn"]
[EventCountry "CRO"]
[SourceTitle "playchess.com"]
[Source "ChessBase"]
[SourceQuality "1"]
[TimeControl "40/5400+30:1800+30"]

1. d4 Nf6 2. Nf3 g6 3. c4 Bg7 4. e3 O-O 5. Be2 b6 6. O-O {[%emt 0:01:50] E60: King's Indian: Unusual lines and Fianchetto Variation without Nc3.} Bb7 7. Nc3 Ne4 {[%emt 0:01:42] 7...e6 is the modern continuation.} 8. Nxe4 {[%emt 0:00:56] White is slightly better.} Bxe4 9. d5 {[%emt 0:00:21] [#]} e6 $146 ({Predecessor:} 9... d6 10. Nd2 Bf5 11. e4 Bc8 12. Rb1 c6 13. b3 cxd5 14. cxd5 Nd7 15. Bb2 Nf6 {1-0 (60) Braun,A (2598)-Fressinet,L (2655) Chess.com INT 2019}) 10. Nd4 {[%emt 0:03:22] Hoping for f3.} g5 11. Bf3 Bxf3 12. Qxf3 Na6 13. Bd2 Qf6 14. Qe2 Nc5 15. Rad1 Qg6 16. Bb4 d6 17. Rfe1 Rfe8 18. Nc6 exd5 (18... Nd7 $11) 19. cxd5 a5 20. Bxc5 dxc5 21. e4 Be5 22. Qc2 ({Much weaker is} 22. Nxe5 Rxe5 23. f3 Rae8 $11) 22... Qf6 23. b3 Qf4 (23... Qg6 $14) 24. g3 $16 {[%emt 0:00:58] Active counter play!} Qg4 25. Kg2 h5 {[%emt 0:00:04] A mistake that costs the game.} (25... Qh5 $16) 26. Rd3 Qd7 (26... h4 $142 27. Qc1 Qh5) 27. Rf3 $18 Qd6 28. Rf5 f6 29. Qe2 Kg7 (29... Qd7 $142 30. Qxh5 Qg7) 30. Qxh5 Bc3 31. Re2 a4 32. Qf3 Be5 33. h4 gxh4 34. Qg4+ Kf7 35. Qxh4 {[%emt 0:00:36] [#] White threatens Qh7+ and mate.} Rh8 {[%emt 0:01:04] Against Qh7+} 36. Rh5 Rxh5 37. Qxh5+ Kg7 38. Re3 axb3 39. axb3 Ra2 40. Rf3 {[%emt 0:00:00] [#] Intending Qg4+ and mate.} Rb2 41. Qg4+ Kf7 42. Qc8 (42. Qg5 $142 Bd4 43. e5 Rxf2+ 44. Rxf2 Qxd5+ 45. Kh2 Qxc6 46. Rxf6+ Qxf6 47. Qxf6+ Ke8 48. Qg6+ Ke7 49. e6) 42... Kg7 43. Nd8 {[%emt 0:01:23] White mates.} Bd4 44. Qg4+ Kf8 45. Ne6+ Ke8 46. Qg8+ {[%emt 0:00:19] Weighted Error Value: White=0.11 (very precise) /Black=0.69} 1-0

[Event "Croatian Team Cup Final 2022"]
[Site "Vodice"]
[Date "2022.05.19"]
[Round "2.4"]
[White "Novosel, Lovro"]
[Black "Srbis, Jurica"]
[Result "0-1"]
[ECO "E15"]
[WhiteElo "2279"]
[BlackElo "2451"]
[Annotator "TA"]
[PlyCount "86"]
[EventDate "2022.05.18"]
[EventType "team-tourn"]
[EventCountry "CRO"]
[SourceTitle "playchess.com"]
[Source "ChessBase"]
[SourceQuality "1"]
[TimeControl "40/5400+30:1800+30"]

1. d4 Nf6 2. c4 e6 3. Nf3 b6 4. g3 Ba6 5. Qc2 c5 6. Bg2 Nc6 7. dxc5 {[%emt 0:02:53] E15: Queen's Indian: 4 g3 sidelines, 4 g3 Ba6 and 4 g3 Bb7 early deviations.} Bxc5 {[%emt 0:01:05] [#]} 8. Nbd2 $146 (8. a3 $5 Rc8 9. Nbd2 $11) ({Predecessor:} 8. a3 Rc8 9. Nbd2 Bb7 10. b4 Nd4 11. Qd3 Nxf3+ 12. Bxf3 Bxf3 13. Nxf3 Be7 14. O-O O-O 15. e4 d6 16. Bb2 {½-½ (32) Lebedev,V (2458)-Shablinsky,M (2462) ICCF email 2020}) 8... O-O 9. a3 {[%emt 0:00:51] Black must now prevent b4. The position is equal.} Bb7 10. O-O Rc8 11. b3 (11. b4 $5 Be7 12. Bb2 $11) 11... d5 12. Bb2 {[%emt 0:01:21] Prevents e5.} dxc4 13. bxc4 Qe7 14. e3 h6 15. Nb3 Bd6 16. Rfc1 Rfd8 17. c5 bxc5 18. Nbd2 Nb8 19. Nc4 Nbd7 20. Nfd2 Bxg2 21. Kxg2 Bb8 22. Rab1 Nd5 23. Bc3 ({White should play} 23. e4 $11) 23... Nxc3 $15 24. Qxc3 Nf6 25. Rb5 Qd7 26. Rcb1 Qd5+ 27. Kg1 Qh5 28. Kg2 Qf5 29. Rb7 h5 ({Reject} 29... Ng4 $6 30. f3 Nf6 31. e4 $11) ({Much less strong is} 29... Rd3 30. e4 $1 Qxf2+ 31. Kxf2 $16) 30. f3 (30. Qc1 $142) 30... h4 31. e4 $2 {[%emt 0:07:24] This move loses the game for White.} (31. R1b2 $17 {was the only defense.}) 31... Qg5 $19 {[%emt 0:01:39] The board is on fire.} 32. Nf1 (32. Rxb8 $142 Rxb8 33. Rxb8 Rxb8 34. Nf1) 32... hxg3 33. hxg3 {[%emt 0:00:06] [#]} Bxg3 $1 34. Nxg3 {[%emt 0:00:44] Qc1 is the strong threat.} Nh5 35. Qe1 Rd4 36. Rb8 Rxb8 37. Rxb8+ Kh7 38. Ne3 Nf4+ 39. Kh1 {[%emt 0:00:47] [#]} Qh4+ $1 40. Kg1 Nd3 {[%emt 0:00:00] Black is clearly winning.} 41. Ng2 Qh3 42. Qe3 {[%emt 0:01:37] aiming for Ne2.} Qxg3 43. Rb1 Ne5 {[%emt 0:01:30] Weighted Error Value: White=0.35/Black=0.05 (flawless)} 0-1

[Event "Croatian Team Cup Final 2022"]
[Site "Vodice"]
[Date "2022.05.19"]
[Round "2.5"]
[White "Tica, Sven"]
[Black "Kozul, Zdenko"]
[Result "1-0"]
[ECO "D73"]
[WhiteElo "2438"]
[BlackElo "2621"]
[Annotator "TA"]
[PlyCount "85"]
[EventDate "2022.05.18"]
[EventType "team-tourn"]
[EventCountry "CRO"]
[SourceTitle "playchess.com"]
[Source "ChessBase"]
[SourceQuality "1"]
[TimeControl "40/5400+30:1800+30"]

1. d4 Nf6 2. c4 g6 3. Nf3 Bg7 4. g3 c6 5. Bg2 O-O 6. Nc3 d5 7. cxd5 cxd5 8. Ne5 e6 {[%emt 0:00:20] 8...Bf5 injects fresh life into this line.} 9. Bg5 h6 {[%emt 0:07:23] D73: Fianchetto Grünfeld: 5 Nf3 .} 10. Bf4 Nbd7 {[%emt 0:01:53] [#]} 11. Nd3 $146 ({Predecessor:} 11. Qd2 g5 12. Nxd7 Bxd7 13. Be5 Bc6 14. h4 Ne4 15. Bxe4 dxe4 16. Bxg7 Kxg7 17. Qe3 {1-0 (52) Jurek,J (2278)-Cecil,P (1962) Klatovy 2013}) 11... a6 {[%emt 0:14:56] White has an edge.} 12. Qd2 Kh7 13. O-O Qe7 14. Rac1 Nb6 15. b3 Bd7 16. Bc7 Nc8 17. Ba5 {[%emt 0:03:36] White is much more active. The black rooks are badly placed.} Nd6 {[%emt 0:09:17] Prevents e4.} 18. f3 Rfc8 19. e4 dxe4 (19... Nfe8 $14) 20. fxe4 $18 {[%emt 0:06:00] Threatens to win with e5.} Rxc3 21. Qxc3 (21. Bxc3 Nfxe4 22. Bxe4 Nxe4 $14) 21... Nfxe4 22. Qb4 Qg5 {[%emt 0:02:42] And now ...Qe3+ would win.} 23. Rce1 {[%emt 0:12:12] Against Qe3+} (23. Rf4 $18) 23... Bb5 $1 $11 24. Rf3 ({Don't play} 24. Bxe4 Nxe4 25. Rxf7 Nxg3 $17) (24. Rxe4 Bxd3 25. Ref4 Bxf1 26. Bxf1 Rf8 $1 $17) 24... Qd5 {[%emt 0:00:00] Prevents Ne5.} 25. Ne5 $1 {[%emt 0:00:00] aiming for Rxf7.} f6 26. Ng4 (26. a4 $1 $14 Bc6 27. Nxc6 Qxc6 28. Rff1) 26... f5 $15 {[%emt 0:00:00][%mdl 1024] Black has compensation.} 27. Ne5 Rc8 {[%emt 0:00:00] Inhibits Rc3. Hoping for ...Rc2.} ({But not} 27... Bxe5 28. dxe5 Ne8 {[#]} 29. Rc3 $1 $16 ) 28. a4 Be8 29. Bb6 Rc2 30. Qa5 Bc6 31. Qb5 $2 Qc5 $4 (31... Nxb5 $19 32. Nxc6 Qxc6) 32. Qxc5 $18 ({Weaker is} 32. Bxc5 axb5 33. Bxd6 Nxd6 $18) 32... Bd5 33. Qa5 Bc6 34. Qd5 $2 Bxd5 $11 35. Rfe3 Nc3 {[%emt 0:04:14] Pair of Knights!} 36. Bf3 Bxf3 37. Nxf3 Nde4 38. Ba5 $1 {[%emt 0:00:00] Black must now prevent Bxc3.} Nd5 {[%emt 0:01:48] Strongly threatening ...b6.} 39. Rxe4 (39. R3e2 $5 Rc6 40. Kg2 $11) 39... fxe4 40. Rxe4 Rc6 41. Kf2 g5 42. h4 Rc2+ 43. Re2 {[%emt 0:00:00][%mdl 32768] What a bad dream for Black.  Weighted Error Value: White=0.62/Black=0.41. Loss on time!?} (43. Ke1 $11) 1-0

[Event "Croatian Team Cup Final 2022"]
[Site "Vodice"]
[Date "2022.05.19"]
[Round "2.6"]
[White "Stevic, Hrvoje"]
[Black "Anic, Darko"]
[Result "1-0"]
[ECO "C55"]
[WhiteElo "2558"]
[BlackElo "2390"]
[Annotator "TA"]
[PlyCount "139"]
[EventDate "2022.05.18"]
[EventType "team-tourn"]
[EventCountry "CRO"]
[SourceTitle "playchess.com"]
[Source "ChessBase"]
[SourceQuality "1"]
[TimeControl "40/5400+30:1800+30"]

1. e4 {[%emt 0:01:54] Lukacs,P} e5 2. Nf3 Nc6 3. Bc4 Nf6 4. d3 Be7 5. O-O O-O 6. Re1 d6 7. a4 a5 {[%emt 0:02:30] 7...h6 is setting a new trend. C55: Two Knights: 4 d3, 4 d4 exd4 5 e5 and Max Lange Attack.} 8. c3 Nd7 9. Be3 Bf6 {[%emt 0:04:17] White is slightly better.} 10. Nbd2 {[%emt 0:01:39] [#]} h6 $146 ({Predecessor:} 10... g6 11. h3 Bg7 12. d4 exd4 13. cxd4 Nb4 14. Bg5 Qe8 15. Nf1 Nb6 16. Bb3 Be6 {1-0 (68) Nevednichy,V (2544)-Beliavsky,A (2667) Paks 2004 CBM 102 [Lukacs,P]}) 11. h3 Ne7 12. d4 Ng6 13. Qc2 Re8 14. Rad1 Qe7 15. Bb5 Rd8 16. Nf1 Nh4 17. Nxh4 Bxh4 18. Ng3 Bxg3 19. fxg3 Nf6 20. g4 Nh7 {[%emt 0:06:32] Prevents g5.} 21. Rf1 Be6 22. d5 Bd7 23. Bxd7 Qxd7 24. c4 {[%emt 0:00:06] Inhibits b5.} Qe7 25. Rf5 Rdc8 26. Rdf1 {[%emt 0:01:01] White is much more active. The black rooks are badly placed.} f6 27. h4 Rf8 28. Qb3 Qd7 29. Qd1 (29. Qxb7 $2 Rfb8 30. Qc6 Qc8 $19) 29... c6 30. Re1 Ra6 31. Rf2 c5 32. Bd2 Rb6 33. Bc3 (33. Bxa5 $6 Ra6 34. Bd2 Rxa4 $15) 33... Ra6 34. Re3 Raa8 35. Rg3 Rf7 36. Bd2 b6 37. Qb3 Rff8 38. Kf1 (38. Qxb6 $2 Rfb8 39. Qc6 Qd8 $19) 38... Rab8 39. Ke1 Qe8 40. Kd1 Qg6 41. Rf5 Qe8 42. Kc1 Qd7 43. Kb1 Kh8 44. Ka2 Qe8 45. Ka3 Qd7 46. Qd1 Rf7 47. Rff3 Kg8 (47... Rff8 $142) 48. Rb3 $16 Rb7 49. Rb5 (49. Rh3 $18) 49... Rf8 50. Rgb3 Rfb8 51. Qf3 Nf8 52. g5 hxg5 53. hxg5 fxg5 54. Bxg5 Qe8 55. Bd2 Rf7 $2 (55... Qg6 $16) 56. Qg4 $2 (56. Qe2 $18 {and the rest is easy.}) 56... Rf1 57. Rg3 Rb7 {[%emt 0:04:57] [#]} (57... Qd7 $16 {keeps fighting.}) 58. Qh4 $2 (58. Bh6 $1 $18 ) 58... Qf7 $11 {[%emt 0:01:27] ...Qf2 is the strong threat.} 59. Rh3 Qg6 $1 60. Ka2 (60. Bxa5 Qxg2 61. Bc3 (61. Bxb6 Qc2 $17) (61. Rxb6 $2 Rxb6 62. Bxb6 Ra1+ 63. Kb3 Rb1 $19) 61... Qe2 $15) 60... Qxg2 61. Rbb3 $1 Ng6 (61... Qxd2 62. Qh8+ Kf7 63. Rbf3+ Qf4 64. Qh5+ (64. Rxf4+ Rxf4 65. Qh5+ g6 $16) 64... g6 65. Rxf4+ Rxf4 66. Qg5 $16) 62. Qh7+ Kf7 $1 (62... Kf8 $2 63. Rhg3 Qxe4 64. Qxg6 Qxg6 65. Rxg6 $18) 63. Bh6 $36 {[%emt 0:01:09][%mdl 2048] White is more active. Chess con chili.} Nf8 $2 {[%emt 0:00:32][%mdl 8192] [#]} (63... Qxe4 $11 64. Rhf3+ (64. Qxg7+ $2 Ke8 $19) 64... Rxf3 65. Qxg7+ (65. Rxf3+ Qxf3 66. Qxg7+ Ke8 $11) 65... Ke8 66. Qxb7 Rxb3 67. Qc8+ Ke7) 64. Qh8 $4 (64. Rhf3+ $3 $18 Rxf3 65. Rxf3+ Qxf3 66. Qxg7+ Ke8 67. Qxb7) 64... Qxe4 $2 (64... Ke8 $2 65. Bc1 $19) (64... gxh6 $19 65. Qxh6 (65. Rhg3 $2 Qxe4 66. Rbc3 Qb1+ 67. Ka3 Ke8 $19) 65... Qxe4 66. Qh5+ Ke7 67. Qh4+ Qxh4 68. Rxh4 Rf4) 65. Rhf3+ Rxf3 66. Rxf3+ Qxf3 67. Qxg7+ Ke8 68. Qxb7 Nd7 $2 (68... Qf6 $11 69. Qb8+ Ke7 70. Bxf8+ Qxf8 71. Qc7+ (71. Qxb6 Qd8 $11) 71... Ke8) 69. Qc8+ $18 Ke7 70. Bg5+ {[%emt 0:00:04][%mdl 64] Deflection.  Weighted Error Value: White=0.16 (very precise) /Black=0.14 (very precise)} 1-0